Senators vs Gangsters
Created - April 24, 2020 at 19:55
Goals
|
| Senators |
0 |
1 |
3 |
1 |
5 |
| Gangsters |
0 |
2 |
2 |
0 |
4 |
|
Shots
|
| Senators |
10 |
6 |
14 |
2 |
32 |
| Gangsters |
5 |
11 |
12 |
0 |
28 |
|
1st period
No Goal
Penalties :
Mason Geertsen (BIN) for Holding Stick (Minor) at 0:58
2nd period
1. Gangsters , Brett Ponich 4 (Jake Marchment 2) at 1:28
2. Gangsters , Stefan Noesen 21 (Phillip Danault 20, Ryan Culkin 8) at 4:47
3. Senators , Tomas Jurco 35 (Jan Mursak 38) at 14:09 (PP)
Penalties :
Adam Lowry (Bro) for High sticking (Minor) at 1:49, Brett Ponich (Bro) for Tripping (Minor) at 2:16, Mason Geertsen (BIN) for Holding (Minor) at 9:54, Julius Vahatalo (Bro) for Cross-checking (Minor) at 12:35, Brett Ponich (Bro) for Charging (Minor) at 15:15
3rd period
4. Senators , Zemgus Girgensons 22 (Nick Foligno 55, Matt Frattin 68) at 6:23
5. Senators , Jan Mursak 40 (Chandler Stephenson 44) at 8:05
6. Gangsters , Sebastian Collberg 10 (Julius Vahatalo 5, Richard Panik 64) at 11:21
7. Gangsters , Brett Ponich 5 (Devante Smith-Pelly 47, Dustin Tokarski) at 12:06
8. Senators , Tomas Jurco 36 (Jan Mursak 39, Chandler Stephenson 45) at 14:11
Penalties :
Pontus Sjalin (BIN) for Holding (Minor) at 2:46, Devante Smith-Pelly (Bro) for Holding Stick (Minor) at 15:01, Dylan Blujus (BIN) for Tripping (Minor) at 17:37
Overtime #1
9. Senators , Dylan Blujus 6 (Jack Dougherty 13, Jan Mursak 40) at 0:10
Penalties :
No Penalty
Goalie Stats
Justin Peters (BIN), 24 saves from 28 shots - (0.857), W, 30-22-5, 60:10 minutes
Dustin Tokarski (Bro), 27 saves from 32 shots - (0.844), OTL, 31-24-4, 60:10 minutes
Players Stats for Senators
Player Name G A P +/- PIM S H SB GA TA FO MP PP MP PK MP
------------------------------------------------------------------------------------
Adam Ollas-Mattsson 0 0 0 0 0 2 0 2 0 2 0/0 21:57 3:32 3:33
Andy Andreoff 0 0 0 -2 0 3 0 0 0 0 0/0 10:21 0:00 1:55
Blake Coleman 0 0 0 -2 0 1 0 0 0 0 0/0 6:21 0:00 0:00
Brett Bulmer 0 0 0 0 0 0 0 0 0 0 0/0 1:54 0:00 0:00
Chandler Stephenson 0 2 2 2 0 3 2 0 0 0 7/10 15:29 3:22 0:34
Dylan Blujus 1 0 1 1 2 2 1 2 1 0 0/0 29:21 4:26 3:16
Grant Besse 0 0 0 -2 0 1 0 0 0 0 0/0 7:38 0:00 0:00
Jack Dougherty 0 1 1 1 0 0 3 2 1 0 0/0 27:57 4:26 4:09
Jake Evans 0 0 0 -2 0 1 2 0 0 0 2/4 9:15 0:00 0:00
Jan Mursak 1 3 4 3 0 3 3 1 0 1 1/2 18:44 3:22 3:48
Mason Geertsen 0 0 0 -1 4 1 2 2 0 1 0/0 23:13 3:32 1:42
Matt Frattin 0 1 1 1 0 3 3 1 2 1 1/2 22:49 4:36 2:04
Maxim Letunov 0 0 0 0 0 0 0 0 0 0 0/1 2:49 0:00 2:20
Michal Repik 0 0 0 -2 0 1 1 0 1 1 0/0 9:15 0:00 0:00
Nick Foligno 0 1 1 2 0 4 4 0 0 0 3/3 23:56 4:36 3:02
Patrick Maroon 0 0 0 -2 0 0 1 0 0 1 0/0 11:35 0:00 2:20
Pontus Sjalin 0 0 0 -1 2 0 0 0 0 0 0/0 12:31 0:00 2:24
Tomas Jurco 2 0 2 2 0 3 1 0 1 0 0/0 14:56 3:22 0:00
Warren Foegele 0 0 0 0 0 0 0 0 0 0 0/0 0:40 0:00 0:00
Zemgus Girgensons 1 0 1 1 0 4 3 0 0 0 16/33 21:59 4:36 0:37
Players Stats for Gangsters
Player Name G A P +/- PIM S H SB GA TA FO MP PP MP PK MP
------------------------------------------------------------------------------------
Adam Lowry 0 0 0 -1 2 2 1 0 1 0 4/8 16:31 3:31 0:02
Brett Ponich 2 0 2 -1 4 4 2 2 1 0 0/0 26:28 4:33 2:44
Connor Chatam 0 0 0 0 0 0 1 0 0 0 0/0 3:13 0:44 0:00
David Pope 0 0 0 -1 0 1 2 1 0 0 0/0 19:01 3:56 1:02
Derrick Pouliot 0 0 0 -1 0 1 0 0 1 0 0/0 10:09 0:00 1:01
Devante Smith-Pelly 0 1 1 -2 2 4 0 2 1 1 0/0 20:31 3:28 3:18
Jake Marchment 0 1 1 2 0 0 1 0 0 0 2/4 11:06 0:00 0:00
Jonas Brodin 0 0 0 1 0 1 0 2 1 2 0/0 21:51 3:23 2:29
Julius Vahatalo 0 1 1 1 2 0 1 0 0 0 0/0 4:51 0:00 0:00
Kevin Roy 0 0 0 -1 0 0 4 1 0 0 13/31 18:38 3:51 0:44
Matt Delahey 0 0 0 -1 0 2 1 3 0 1 0/0 28:14 4:33 5:04
Morgan Ellis 0 0 0 2 0 0 0 0 0 0 0/0 22:48 3:23 2:54
Phillip Danault 0 1 1 -1 0 1 1 0 0 1 0/0 18:40 3:31 1:33
Richard Panik 0 1 1 -1 0 5 2 1 2 1 6/12 24:57 3:55 4:53
Ryan Culkin 0 1 1 0 0 3 0 2 0 0 0/0 11:33 0:00 1:43
Samuel Blais 0 0 0 2 0 0 1 0 0 0 0/0 13:36 0:00 1:54
Sebastian Collberg 1 0 1 1 0 3 1 0 0 0 0/0 6:18 0:42 0:00
Stefan Noesen 1 0 1 2 0 1 0 0 0 0 0/0 12:40 0:10 0:58
3 Stars
1 - Jan Mursak (BIN)
2 - Tomas Jurco (BIN)
3 - Chandler Stephenson (BIN)
Power Play
Senators - 1 on 5 Attempt(s) - 20.00%
Gangsters - 0 on 4 Attempt(s) - 0.00%
Penalty Kill
Senators - 4 on 4 Attempt(s) - 100.00%
- Score 0 goal in Penalty Kill
Gangsters - 4 on 5 Attempt(s) - 80.00%
- Score 0 goal in Penalty Kill
Team Stat
Senators - Hits : 26 - Faceoff Wins : 30 - Blocked Shots : 10 - Penalty Minutes : 8
Gangsters - Hits : 18 - Faceoff Wins : 25 - Blocked Shots : 14 - Penalty Minutes : 10
Official
Referees : Unknown
Linesman : Unknown
Game Notes
No Game Note
Finance
Level 1 -- Attendance: 1331 (66.55%) -- Ticket Income $53,240
Level 2 -- Attendance: 679 (67.90%) -- Ticket Income $13,580
Total Attendance: 2010 (67.00%)
Total Ticket Income: $66,820
Other Income: $3,341
Total Income: $70,161
Senators
5 vs 5 Forward
Center Left Wing Right Wing Time % Phy DF OF
1 Zemgus Girgensons Nick Foligno Matt Frattin 40 1 2 2
2 Chandler Stephenson Jan Mursak Tomas Jurco 30 1 2 2
3 Jake Evans Patrick Maroon Michal Repik 20 1 2 2
4 Blake Coleman Andy Andreoff Grant Besse 10 1 2 2
5 vs 5 Defense
Defense Defense Time % Phy DF OF
1 Dylan Blujus Jack Dougherty 40 1 2 2
2 Mason Geertsen Adam Ollas-Mattsson 30 1 2 2
3 Pontus Sjalin Dylan Blujus 20 1 2 2
4 Jack Dougherty Mason Geertsen 10 1 2 2
PowerPlay Forward
Center Left Wing Right Wing Time % Phy DF OF
1 Zemgus Girgensons Nick Foligno Matt Frattin 60 1 2 2
2 Chandler Stephenson Jan Mursak Tomas Jurco 40 1 2 2
PowerPlay Defense
Defense Defense Time % Phy DF OF
1 Dylan Blujus Jack Dougherty 60 1 2 2
2 Mason Geertsen Adam Ollas-Mattsson 40 1 2 2
Penalty Kill 4 Players Forward
Center Wing Time % Phy DF OF
1 Nick Foligno Jan Mursak 60 1 2 2
2 Matt Frattin Patrick Maroon 40 1 2 2
Penalty Kill 4 Players Defense
Defense Defense Time % Phy DF OF
1 Dylan Blujus Jack Dougherty 60 1 2 2
2 Mason Geertsen Adam Ollas-Mattsson 40 1 2 2
Penalty Kill - 3 Players Forward
Forward Time % Phy DF OF
1 Nick Foligno 60 1 2 2
2 Jan Mursak 40 1 2 2
Penalty Kill - 3 Players Defense
Defense Defense Time % Phy DF OF
1 Dylan Blujus Jack Dougherty 60 1 2 2
2 Mason Geertsen Adam Ollas-Mattsson 40 1 2 2
4 vs 4 Forward
Center Wing Time % Phy DF OF
1 Nick Foligno Jan Mursak 60 1 2 2
2 Matt Frattin Patrick Maroon 40 1 2 2
4 vs 4 Defense
Defense Defense Time % Phy DF OF
1 Dylan Blujus Jack Dougherty 60 1 2 2
2 Mason Geertsen Adam Ollas-Mattsson 40 1 2 2
Last Minutes Offensive
Center Left Wing Right Wing Defense Defense
Zemgus Girgensons Nick Foligno Matt Frattin Dylan Blujus Jack Dougherty
Last Minutes Defensive
Center Left Wing Right Wing Defense Defense
Zemgus Girgensons Nick Foligno Matt Frattin Dylan Blujus Jack Dougherty
Goaltenders
Starting : Justin Peters
Backup : Stephon Williams
Extra Forwards
Normal : Brett Bulmer, Warren Foegele, Maxim Letunov - PP : Brett Bulmer, Warren Foegele - PK : Maxim Letunov
Extra Defensemen
Normal : Pontus Sjalin, Adam Ollas-Mattsson, Dylan Blujus - PP : Pontus Sjalin - PK : Adam Ollas-Mattsson, Dylan Blujus
Penalty Shots
Nick Foligno, Jan Mursak, Matt Frattin, Patrick Maroon, Tomas Jurco
Scratches
Scott Harrington (Strained Back Injury), Keegan Lowe (Bruised Right Shoulder Injury), Keven Bouchard (Healthy)
Gangsters
5 vs 5 Forward
Center Left Wing Right Wing Time % Phy DF OF
1 Kevin Roy David Pope Richard Panik 40 1 2 2
2 Adam Lowry Phillip Danault Devante Smith-Pelly 30 1 2 2
3 Jake Marchment Samuel Blais Stefan Noesen 20 1 2 2
4 Richard Panik Julius Vahatalo Sebastian Collberg 10 1 2 2
5 vs 5 Defense
Defense Defense Time % Phy DF OF
1 Matt Delahey Brett Ponich 40 1 2 2
2 Morgan Ellis Jonas Brodin 30 1 2 2
3 Derrick Pouliot Ryan Culkin 20 1 2 2
4 Matt Delahey Brett Ponich 10 1 2 2
PowerPlay Forward
Center Left Wing Right Wing Time % Phy DF OF
1 Kevin Roy David Pope Richard Panik 60 1 2 2
2 Adam Lowry Phillip Danault Devante Smith-Pelly 40 1 2 2
PowerPlay Defense
Defense Defense Time % Phy DF OF
1 Matt Delahey Brett Ponich 60 1 2 2
2 Morgan Ellis Jonas Brodin 40 1 2 2
Penalty Kill 4 Players Forward
Center Wing Time % Phy DF OF
1 Richard Panik Devante Smith-Pelly 60 1 2 2
2 Stefan Noesen David Pope 40 1 2 2
Penalty Kill 4 Players Defense
Defense Defense Time % Phy DF OF
1 Matt Delahey Brett Ponich 60 1 2 2
2 Morgan Ellis Jonas Brodin 40 1 2 2
Penalty Kill - 3 Players Forward
Forward Time % Phy DF OF
1 Richard Panik 60 1 2 2
2 Devante Smith-Pelly 40 1 2 2
Penalty Kill - 3 Players Defense
Defense Defense Time % Phy DF OF
1 Matt Delahey Brett Ponich 60 1 2 2
2 Morgan Ellis Jonas Brodin 40 1 2 2
4 vs 4 Forward
Center Wing Time % Phy DF OF
1 Richard Panik Devante Smith-Pelly 60 1 2 2
2 Stefan Noesen David Pope 40 1 2 2
4 vs 4 Defense
Defense Defense Time % Phy DF OF
1 Matt Delahey Brett Ponich 60 1 2 2
2 Morgan Ellis Jonas Brodin 40 1 2 2
Last Minutes Offensive
Center Left Wing Right Wing Defense Defense
Kevin Roy David Pope Richard Panik Matt Delahey Brett Ponich
Last Minutes Defensive
Center Left Wing Right Wing Defense Defense
Kevin Roy David Pope Richard Panik Matt Delahey Brett Ponich
Goaltenders
Starting : Dustin Tokarski
Backup : Jordan Binnington
Extra Forwards
Normal : Connor Chatam, Sebastian Collberg, Samuel Blais - PP : Connor Chatam, Sebastian Collberg - PK : Samuel Blais
Extra Defensemen
Normal : Derrick Pouliot, Ryan Culkin, Morgan Ellis - PP : Derrick Pouliot - PK : Ryan Culkin, Morgan Ellis
Penalty Shots
Richard Panik, Devante Smith-Pelly, Stefan Noesen, David Pope, Phillip Danault
Scratches
Jordan Subban (Healthy), Steven Santini (Healthy), Joshua Jacobs (Healthy), Jacob Middleton (Healthy), Dave Dziurzynski (Healthy)
Hugo Fagerblom (Healthy)
% Time on Ice - Senators
Lines # - Real PCT - Wanted PCT - Time Play
Normal Forward
1 - 38% - 40% - 16:56
2 - 26% - 30% - 11:34
3 - 21% - 20% - 9:15
4 - 14% - 10% - 6:21
Normal Defense
1 - 40% - 40% - 17:33
2 - 33% - 30% - 14:23
3 - 21% - 20% - 9:12
4 - 7% - 10% - 2:58
PP Forward
1 - 58% - 60% - 4:36
2 - 42% - 40% - 3:22
PP Defense
1 - 56% - 60% - 4:26
2 - 44% - 40% - 3:32
PK Forward
1 - 74% - 60% - 5:52
2 - 26% - 40% - 2:04
PK Defense
1 - 50% - 60% - 3:58
2 - 50% - 40% - 3:58
PK3 Forward
1 - 0% - 60%
2 - 0% - 40%
PK3 Defense
1 - 0% - 60%
2 - 0% - 40%
44 Forward
1 - 100% - 60% - 0:10
2 - 0% - 40% - 0:00
44 Defense
1 - 100% - 60% - 0:10
2 - 0% - 40% - 0:00
Last Minute Offensive - 0:00
Last Minute Defensive - 0:00
Total
Forward - 60:10
Defense - 60:10
|
% Time on Ice - Gangsters
Lines # - Real PCT - Wanted PCT - Time Play
Normal Forward
1 - 34% - 40% - 15:04
2 - 30% - 30% - 13:04
3 - 25% - 20% - 11:06
4 - 11% - 10% - 4:52
Normal Defense
1 - 41% - 40% - 18:08
2 - 36% - 30% - 15:59
3 - 21% - 20% - 9:08
4 - 2% - 10% - 0:51
PP Forward
1 - 56% - 60% - 4:25
2 - 44% - 40% - 3:31
PP Defense
1 - 57% - 60% - 4:33
2 - 43% - 40% - 3:23
PK Forward
1 - 85% - 60% - 5:28
2 - 15% - 40% - 0:58
PK Defense
1 - 69% - 60% - 4:28
2 - 31% - 40% - 1:58
PK3 Forward
1 - 83% - 60% - 1:16
2 - 17% - 40% - 0:16
PK3 Defense
1 - 66% - 60% - 1:01
2 - 34% - 40% - 0:31
44 Forward
1 - 100% - 60% - 0:10
2 - 0% - 40% - 0:00
44 Defense
1 - 100% - 60% - 0:10
2 - 0% - 40% - 0:00
Last Minute Offensive - 0:00
Last Minute Defensive - 0:00
Total
Forward - 60:10
Defense - 60:10
|
Play-by-Play
1st period
0:01 of 1st period - Zemgus Girgensons wins face-off versus Kevin Roy in neutral zone.
0:15 of 1st period - Slapshot by Richard Panik.
0:15 of 1st period - Stopped by Justin Peters with a rebound.
0:25 of 1st period - Nick Foligno is hit by Brett Ponich and loses puck.
0:36 of 1st period - Slapshot by Matt Frattin.
0:36 of 1st period - Stopped by Dustin Tokarski without a rebound.
0:37 of 1st period - Chandler Stephenson wins face-off versus Adam Lowry in Gangsters zone.
0:58 of 1st period - Minor Penalty to Mason Geertsen for Holding Stick.
0:59 of 1st period - Nick Foligno wins face-off versus Kevin Roy in Senators zone.
1:34 of 1st period - Slapshot by Brett Ponich.
1:34 of 1st period - Shot Blocked by Dylan Blujus.
2:12 of 1st period - Nick Foligno is hit by Adam Lowry and loses puck.
2:58 of 1st period - Penalty to Mason Geertsen is over, Mason Geertsen is back on ice.
3:16 of 1st period - Jonas Brodin is hit by Jake Evans and loses puck.
3:49 of 1st period - Off-side.
3:50 of 1st period - Zemgus Girgensons wins face-off versus Jake Marchment in neutral zone.
3:53 of 1st period - Ryan Culkin is hit by Zemgus Girgensons and loses puck.
3:57 of 1st period - Icing by Jake Marchment.
3:58 of 1st period - Jake Marchment wins face-off versus Zemgus Girgensons in Gangsters zone.
3:58 of 1st period - Jake Marchment is hit by Nick Foligno.
4:08 of 1st period - Matt Frattin is hit by Matt Delahey.
4:37 of 1st period - Ryan Culkin is hit by Nick Foligno and loses puck.
4:50 of 1st period - Slapshot by Samuel Blais.
4:50 of 1st period - Shot Misses the Net.
5:11 of 1st period - Slapshot by Derrick Pouliot.
5:11 of 1st period - Shot Blocked by Adam Ollas-Mattsson.
5:21 of 1st period - Snap shot by Nick Foligno.
5:21 of 1st period - Stopped by Dustin Tokarski with a rebound.
5:33 of 1st period - Snap shot by Derrick Pouliot.
5:33 of 1st period - Shot Blocked by Mason Geertsen.
5:56 of 1st period - Snap shot by Matt Frattin.
5:56 of 1st period - Stopped by Dustin Tokarski with a rebound.
5:58 of 1st period - Wrist shot by Zemgus Girgensons.
5:58 of 1st period - Stopped by Dustin Tokarski without a rebound.
5:59 of 1st period - Chandler Stephenson wins face-off versus Kevin Roy in Gangsters zone.
6:02 of 1st period - Slapshot by Jan Mursak.
6:02 of 1st period - Shot Blocked by Kevin Roy.
6:54 of 1st period - Patrick Maroon is hit by Julius Vahatalo and loses puck.
7:45 of 1st period - Phillip Danault is hit by Jan Mursak and loses puck.
8:20 of 1st period - Blake Coleman is hit by Connor Chatam and loses puck.
9:00 of 1st period - Dylan Blujus is hit by Kevin Roy and loses puck.
12:34 of 1st period - Grant Besse is hit by Sebastian Collberg and loses puck.
12:49 of 1st period - Derrick Pouliot is hit by Zemgus Girgensons and loses puck.
13:11 of 1st period - Icing by Zemgus Girgensons.
13:12 of 1st period - Zemgus Girgensons wins face-off versus Kevin Roy in Senators zone.
13:39 of 1st period - Jack Dougherty is hit by Jake Marchment and loses puck.
14:26 of 1st period - Slapshot by Matt Delahey.
14:26 of 1st period - Stopped by Justin Peters with a rebound.
14:28 of 1st period - Slapshot by Sebastian Collberg.
14:28 of 1st period - Deflect By Tomas Jurco.
14:28 of 1st period - Stopped by Justin Peters without a rebound.
14:29 of 1st period - Kevin Roy wins face-off versus Chandler Stephenson in Senators zone.
14:36 of 1st period - Wrist shot by David Pope.
14:36 of 1st period - Shot Blocked by Jack Dougherty.
14:38 of 1st period - Slapshot by Brett Ponich.
14:38 of 1st period - Deflect By Jan Mursak.
14:38 of 1st period - Stopped by Justin Peters without a rebound.
14:39 of 1st period - Kevin Roy wins face-off versus Chandler Stephenson in Senators zone.
14:52 of 1st period - Snap shot by Richard Panik.
14:52 of 1st period - Shot Misses the Net.
15:43 of 1st period - Slapshot by Jan Mursak.
15:43 of 1st period - Deflect By Jake Evans.
15:43 of 1st period - Stopped by Dustin Tokarski with a rebound.
16:06 of 1st period - Snap shot by Andy Andreoff.
16:06 of 1st period - Shot Blocked by Jonas Brodin.
16:08 of 1st period - Wrist shot by Blake Coleman.
16:08 of 1st period - Stopped by Dustin Tokarski with a rebound.
16:10 of 1st period - Snap shot by Andy Andreoff.
16:10 of 1st period - Deflect By Jonas Brodin.
16:10 of 1st period - Stopped by Dustin Tokarski without a rebound.
16:11 of 1st period - Adam Lowry wins face-off versus Jake Evans in Gangsters zone.
16:46 of 1st period - Snap shot by Richard Panik.
16:46 of 1st period - Shot Misses the Net.
17:06 of 1st period - Snap shot by Nick Foligno.
17:06 of 1st period - Stopped by Dustin Tokarski without a rebound.
17:07 of 1st period - Adam Lowry wins face-off versus Zemgus Girgensons in Gangsters zone.
17:18 of 1st period - Snap shot by Devante Smith-Pelly.
17:18 of 1st period - Stopped by Justin Peters with a rebound.
17:24 of 1st period - Devante Smith-Pelly is hit by Zemgus Girgensons and loses puck.
17:35 of 1st period - Devante Smith-Pelly is hit by Jake Evans and loses puck.
17:40 of 1st period - Snap shot by Michal Repik.
17:40 of 1st period - Stopped by Dustin Tokarski without a rebound.
17:41 of 1st period - Jake Evans wins face-off versus Kevin Roy in Gangsters zone.
17:44 of 1st period - Snap shot by Michal Repik.
17:44 of 1st period - Shot Misses the Net.
18:30 of 1st period - Snap shot by Tomas Jurco.
18:30 of 1st period - Shot Blocked by Brett Ponich.
18:36 of 1st period - Wrist shot by Tomas Jurco.
18:36 of 1st period - Stopped by Dustin Tokarski without a rebound.
18:37 of 1st period - Zemgus Girgensons wins face-off versus Adam Lowry in Gangsters zone.
19:02 of 1st period - Brett Ponich is hit by Tomas Jurco and loses puck.
19:09 of 1st period - Wrist shot by Jan Mursak.
19:09 of 1st period - Deflect By Richard Panik.
19:09 of 1st period - Shot Hit the Post.
19:09 of 1st period - Puck is out of play.
19:10 of 1st period - Adam Lowry wins face-off versus Chandler Stephenson in Gangsters zone.
19:19 of 1st period - Jonas Brodin is hit by Chandler Stephenson and loses puck.
19:41 of 1st period - Jonas Brodin is hit by Nick Foligno and loses puck.
19:46 of 1st period - Slapshot by Matt Frattin.
19:46 of 1st period - Shot Misses the Net.
19:58 of 1st period - Stefan Noesen is hit by Patrick Maroon and loses puck.
Goals for this period are 0 for Senators vs 0 for Gangsters.
Shots for this period are 10 for Senators vs 5 for Gangsters.
2nd period
0:01 of 2nd period - Kevin Roy wins face-off versus Zemgus Girgensons in neutral zone.
0:04 of 2nd period - Wrist shot by Richard Panik.
0:04 of 2nd period - Stopped by Justin Peters with a rebound.
0:32 of 2nd period - Snap shot by Matt Delahey.
0:32 of 2nd period - Shot Blocked by Jack Dougherty.
0:34 of 2nd period - Snap shot by Phillip Danault.
0:34 of 2nd period - Shot Misses the Net.
0:36 of 2nd period - Snap shot by Adam Lowry.
0:36 of 2nd period - Stopped by Justin Peters with a rebound.
0:38 of 2nd period - Wrist shot by Devante Smith-Pelly.
0:38 of 2nd period - Stopped by Justin Peters without a rebound.
0:39 of 2nd period - Zemgus Girgensons wins face-off versus Kevin Roy in Senators zone.
1:06 of 2nd period - Ryan Culkin is hit by Jan Mursak and loses puck.
1:24 of 2nd period - Off-side.
1:25 of 2nd period - Jake Marchment wins face-off versus Jake Evans in neutral zone.
1:28 of 2nd period - Slapshot by Brett Ponich.
1:28 of 2nd period - Goal by Brett Ponich - Senators : 0 - Gangsters : 1.
1:29 of 2nd period - Zemgus Girgensons wins face-off versus Kevin Roy in neutral zone.
1:49 of 2nd period - Minor Penalty to Adam Lowry for High sticking.
1:50 of 2nd period - Richard Panik wins face-off versus Zemgus Girgensons in Gangsters zone.
1:50 of 2nd period - Richard Panik is hit by Nick Foligno.
2:03 of 2nd period - Off-side.
2:04 of 2nd period - Zemgus Girgensons wins face-off versus Richard Panik in neutral zone.
2:16 of 2nd period - Minor Penalty to Brett Ponich for Tripping.
2:17 of 2nd period - Zemgus Girgensons wins face-off versus Richard Panik in Gangsters zone.
2:31 of 2nd period - Wrist shot by Matt Frattin.
2:31 of 2nd period - Shot Misses the Net.
2:33 of 2nd period - Wrist shot by Zemgus Girgensons.
2:33 of 2nd period - Stopped by Dustin Tokarski with a rebound.
3:49 of 2nd period - Penalty to Adam Lowry is over, Adam Lowry is back on ice.
4:16 of 2nd period - Penalty to Brett Ponich is over, Brett Ponich is back on ice.
4:26 of 2nd period - Adam Lowry is hit by Mason Geertsen and loses puck.
4:31 of 2nd period - Snap shot by Michal Repik.
4:31 of 2nd period - Shot Blocked by Ryan Culkin.
4:47 of 2nd period - Snap shot by Stefan Noesen.
4:47 of 2nd period - Goal by Stefan Noesen - Senators : 0 - Gangsters : 2.
4:48 of 2nd period - Jan Mursak wins face-off versus Kevin Roy in neutral zone.
4:53 of 2nd period - Slapshot by Jan Mursak.
4:53 of 2nd period - Deflect By Richard Panik.
4:53 of 2nd period - Shot Misses the Net.
4:53 of 2nd period - Puck is out of play.
4:54 of 2nd period - Chandler Stephenson wins face-off versus Kevin Roy in Gangsters zone.
5:07 of 2nd period - Snap shot by David Pope.
5:07 of 2nd period - Shot Misses the Net.
5:09 of 2nd period - Snap shot by Brett Ponich.
5:09 of 2nd period - Shot Blocked by Jan Mursak.
5:40 of 2nd period - Jack Dougherty is hit by Brett Ponich and loses puck.
5:57 of 2nd period - Samuel Blais is hit by Jack Dougherty and loses puck.
6:06 of 2nd period - Slapshot by Morgan Ellis.
6:06 of 2nd period - Shot Misses the Net.
6:40 of 2nd period - Wrist shot by Dylan Blujus.
6:40 of 2nd period - Deflect By Matt Frattin.
6:40 of 2nd period - Shot Blocked by Ryan Culkin.
6:40 of 2nd period - Puck is out of play.
6:41 of 2nd period - Kevin Roy wins face-off versus Matt Frattin in Gangsters zone.
7:28 of 2nd period - Slapshot by Chandler Stephenson.
7:28 of 2nd period - Stopped by Dustin Tokarski with a rebound.
7:34 of 2nd period - Wrist shot by Jan Mursak.
7:34 of 2nd period - Shot Blocked by Matt Delahey.
7:36 of 2nd period - Snap shot by Chandler Stephenson.
7:36 of 2nd period - Stopped by Dustin Tokarski with a rebound.
8:04 of 2nd period - Off-side.
8:05 of 2nd period - Kevin Roy wins face-off versus Zemgus Girgensons in neutral zone.
8:09 of 2nd period - Off-side.
8:10 of 2nd period - Kevin Roy wins face-off versus Zemgus Girgensons in neutral zone.
8:26 of 2nd period - Icing by Matt Frattin.
8:27 of 2nd period - Matt Frattin wins face-off versus Adam Lowry in Senators zone.
9:54 of 2nd period - Minor Penalty to Mason Geertsen for Holding.
9:55 of 2nd period - Nick Foligno wins face-off versus Kevin Roy in Senators zone.
10:04 of 2nd period - Nick Foligno is hit by Kevin Roy and loses puck.
10:41 of 2nd period - Matt Frattin is hit by David Pope and loses puck.
11:54 of 2nd period - Penalty to Mason Geertsen is over, Mason Geertsen is back on ice.
12:08 of 2nd period - Snap shot by Andy Andreoff.
12:08 of 2nd period - Stopped by Dustin Tokarski without a rebound.
12:09 of 2nd period - Jake Evans wins face-off versus Jake Marchment in Gangsters zone.
12:35 of 2nd period - Minor Penalty to Julius Vahatalo for Cross-checking.
12:36 of 2nd period - Richard Panik wins face-off versus Zemgus Girgensons in Gangsters zone.
12:36 of 2nd period - Richard Panik is hit by Dylan Blujus.
12:46 of 2nd period - Slapshot by Richard Panik.
12:46 of 2nd period - Stopped by Justin Peters without a rebound.
12:47 of 2nd period - Zemgus Girgensons wins face-off versus Richard Panik in Senators zone.
13:00 of 2nd period - Wrist shot by Devante Smith-Pelly.
13:00 of 2nd period - Stopped by Justin Peters without a rebound.
13:01 of 2nd period - Richard Panik wins face-off versus Zemgus Girgensons in Senators zone.
13:02 of 2nd period - Snap shot by Devante Smith-Pelly.
13:02 of 2nd period - Deflect By Richard Panik.
13:02 of 2nd period - Stopped by Justin Peters with a rebound.
13:16 of 2nd period - Snap shot by Nick Foligno.
13:16 of 2nd period - Shot Blocked by Devante Smith-Pelly.
13:57 of 2nd period - Snap shot by Tomas Jurco.
13:57 of 2nd period - Shot Misses the Net.
14:09 of 2nd period - Snap shot by Tomas Jurco.
14:09 of 2nd period - Goal by Tomas Jurco - Senators : 1 - Gangsters : 2.
14:10 of 2nd period - Zemgus Girgensons wins face-off versus Richard Panik in neutral zone.
14:36 of 2nd period - Michal Repik is hit by Samuel Blais and loses puck.
14:47 of 2nd period - Slapshot by Ryan Culkin.
14:47 of 2nd period - Deflect By Dylan Blujus.
14:47 of 2nd period - Stopped by Justin Peters with a rebound.
14:49 of 2nd period - Slapshot by Ryan Culkin.
14:49 of 2nd period - Stopped by Justin Peters with a rebound.
15:03 of 2nd period - Snap shot by Phillip Danault.
15:03 of 2nd period - Shot Misses the Net.
15:15 of 2nd period - Minor Penalty to Brett Ponich for Charging.
15:16 of 2nd period - Richard Panik wins face-off versus Zemgus Girgensons in Gangsters zone.
17:15 of 2nd period - Penalty to Brett Ponich is over, Brett Ponich is back on ice.
17:44 of 2nd period - Snap shot by Andy Andreoff.
17:44 of 2nd period - Stopped by Dustin Tokarski with a rebound.
18:31 of 2nd period - Slapshot by Derrick Pouliot.
18:31 of 2nd period - Stopped by Justin Peters with a rebound.
19:00 of 2nd period - Devante Smith-Pelly is hit by Jack Dougherty and loses puck.
19:37 of 2nd period - Michal Repik is hit by Kevin Roy and loses puck.
Goals for this period are 1 for Senators vs 2 for Gangsters.
Shots for this period are 6 for Senators vs 11 for Gangsters.
3rd period
0:01 of 3rd period - Kevin Roy wins face-off versus Zemgus Girgensons in neutral zone.
0:18 of 3rd period - David Pope is hit by Jack Dougherty and loses puck.
1:27 of 3rd period - Wrist shot by David Pope.
1:27 of 3rd period - Shot Misses the Net.
1:29 of 3rd period - Slapshot by Kevin Roy.
1:29 of 3rd period - Shot Blocked by Dylan Blujus.
1:31 of 3rd period - Slapshot by Ryan Culkin.
1:31 of 3rd period - Stopped by Justin Peters without a rebound.
1:32 of 3rd period - Kevin Roy wins face-off versus Zemgus Girgensons in Senators zone.
1:41 of 3rd period - Slapshot by Adam Ollas-Mattsson.
1:41 of 3rd period - Deflect By Matt Delahey.
1:41 of 3rd period - Stopped by Dustin Tokarski without a rebound.
1:42 of 3rd period - Zemgus Girgensons wins face-off versus Adam Lowry in Gangsters zone.
2:17 of 3rd period - Snap shot by Nick Foligno.
2:17 of 3rd period - Shot Blocked by David Pope.
2:33 of 3rd period - Slapshot by Matt Frattin.
2:33 of 3rd period - Shot Misses the Net.
2:35 of 3rd period - Slapshot by Mason Geertsen.
2:35 of 3rd period - Stopped by Dustin Tokarski with a rebound.
2:37 of 3rd period - Slapshot by Mason Geertsen.
2:37 of 3rd period - Deflect By Zemgus Girgensons.
2:37 of 3rd period - Shot Misses the Net.
2:37 of 3rd period - Puck is out of play.
2:38 of 3rd period - Chandler Stephenson wins face-off versus Kevin Roy in Gangsters zone.
2:46 of 3rd period - Minor Penalty to Pontus Sjalin for Holding.
2:47 of 3rd period - Kevin Roy wins face-off versus Jan Mursak in Senators zone.
2:56 of 3rd period - Wrist shot by David Pope.
2:56 of 3rd period - Stopped by Justin Peters with a rebound.
2:58 of 3rd period - Slapshot by Brett Ponich.
2:58 of 3rd period - Stopped by Justin Peters with a rebound.
3:00 of 3rd period - Snap shot by Brett Ponich.
3:00 of 3rd period - Shot Misses the Net.
3:12 of 3rd period - Jan Mursak is hit by Phillip Danault and loses puck.
4:46 of 3rd period - Penalty to Pontus Sjalin is over, Pontus Sjalin is back on ice.
4:51 of 3rd period - Stefan Noesen is hit by Jan Mursak and loses puck.
5:40 of 3rd period - Phillip Danault is hit by Matt Frattin and loses puck.
5:54 of 3rd period - Icing by Adam Lowry.
5:55 of 3rd period - Chandler Stephenson wins face-off versus Kevin Roy in Gangsters zone.
5:58 of 3rd period - Wrist shot by Chandler Stephenson.
5:58 of 3rd period - Stopped by Dustin Tokarski with a rebound.
6:16 of 3rd period - Adam Lowry is hit by Matt Frattin and loses puck.
6:21 of 3rd period - Wrist shot by Nick Foligno.
6:21 of 3rd period - Shot Blocked by Devante Smith-Pelly.
6:23 of 3rd period - Snap shot by Zemgus Girgensons.
6:23 of 3rd period - Goal by Zemgus Girgensons - Senators : 2 - Gangsters : 2.
6:24 of 3rd period - Richard Panik wins face-off versus Zemgus Girgensons in neutral zone.
6:29 of 3rd period - Slapshot by Matt Delahey.
6:29 of 3rd period - Stopped by Justin Peters with a rebound.
7:39 of 3rd period - Wrist shot by Grant Besse.
7:39 of 3rd period - Shot Misses the Net.
8:03 of 3rd period - Snap shot by Nick Foligno.
8:03 of 3rd period - Stopped by Dustin Tokarski without a rebound.
8:04 of 3rd period - Chandler Stephenson wins face-off versus Kevin Roy in Gangsters zone.
8:05 of 3rd period - Wrist shot by Jan Mursak.
8:05 of 3rd period - Goal by Jan Mursak - Senators : 3 - Gangsters : 2.
8:06 of 3rd period - Kevin Roy wins face-off versus Zemgus Girgensons in neutral zone.
8:33 of 3rd period - Matt Delahey is hit by Chandler Stephenson and loses puck.
8:57 of 3rd period - Wrist shot by Ryan Culkin.
8:57 of 3rd period - Deflect By Stefan Noesen.
8:57 of 3rd period - Shot Blocked by Mason Geertsen.
8:57 of 3rd period - Puck is out of play.
8:58 of 3rd period - Zemgus Girgensons wins face-off versus Kevin Roy in Senators zone.
9:02 of 3rd period - Off-side.
9:03 of 3rd period - Kevin Roy wins face-off versus Zemgus Girgensons in neutral zone.
9:06 of 3rd period - Dylan Blujus is hit by Kevin Roy and loses puck.
9:13 of 3rd period - Matt Delahey is hit by Matt Frattin and loses puck.
9:59 of 3rd period - Wrist shot by Stefan Noesen.
9:59 of 3rd period - Deflect By Samuel Blais.
9:59 of 3rd period - Shot Misses the Net.
9:59 of 3rd period - Puck is out of play.
10:00 of 3rd period - Zemgus Girgensons wins face-off versus Kevin Roy in Senators zone.
10:07 of 3rd period - Snap shot by Zemgus Girgensons.
10:07 of 3rd period - Stopped by Dustin Tokarski with a rebound.
10:09 of 3rd period - Slapshot by Dylan Blujus.
10:09 of 3rd period - Deflect By Jonas Brodin.
10:09 of 3rd period - Stopped by Dustin Tokarski with a rebound.
10:11 of 3rd period - Slapshot by Jack Dougherty.
10:11 of 3rd period - Shot Blocked by Jonas Brodin.
10:13 of 3rd period - Slapshot by Matt Frattin.
10:13 of 3rd period - Stopped by Dustin Tokarski without a rebound.
10:14 of 3rd period - Chandler Stephenson wins face-off versus Kevin Roy in Gangsters zone.
10:46 of 3rd period - Slapshot by Adam Ollas-Mattsson.
10:46 of 3rd period - Stopped by Dustin Tokarski with a rebound.
11:02 of 3rd period - Jonas Brodin is hit by Michal Repik.
11:06 of 3rd period - Stefan Noesen is hit by Mason Geertsen and loses puck.
11:19 of 3rd period - Snap shot by Sebastian Collberg.
11:19 of 3rd period - Stopped by Justin Peters with a rebound.
11:21 of 3rd period - Snap shot by Julius Vahatalo.
11:21 of 3rd period - Deflect By Sebastian Collberg.
11:21 of 3rd period - Goal by Sebastian Collberg - Senators : 3 - Gangsters : 3.
11:22 of 3rd period - Kevin Roy wins face-off versus Zemgus Girgensons in neutral zone.
11:27 of 3rd period - Slapshot by Richard Panik.
11:27 of 3rd period - Stopped by Justin Peters with a rebound.
12:06 of 3rd period - Slapshot by Brett Ponich.
12:06 of 3rd period - Goal by Brett Ponich - Senators : 3 - Gangsters : 4.
12:07 of 3rd period - Kevin Roy wins face-off versus Zemgus Girgensons in neutral zone.
12:10 of 3rd period - Slapshot by Jonas Brodin.
12:10 of 3rd period - Stopped by Justin Peters with a rebound.
12:43 of 3rd period - Snap shot by Jan Mursak.
12:43 of 3rd period - Stopped by Dustin Tokarski with a rebound.
12:45 of 3rd period - Snap shot by Jan Mursak.
12:45 of 3rd period - Shot Misses the Net.
12:55 of 3rd period - Wrist shot by Grant Besse.
12:55 of 3rd period - Stopped by Dustin Tokarski with a rebound.
13:13 of 3rd period - Wrist shot by Devante Smith-Pelly.
13:13 of 3rd period - Shot Misses the Net.
13:15 of 3rd period - Slapshot by Jonas Brodin.
13:15 of 3rd period - Shot Misses the Net.
13:17 of 3rd period - Slapshot by Morgan Ellis.
13:17 of 3rd period - Shot Blocked by Adam Ollas-Mattsson.
13:19 of 3rd period - Snap shot by Adam Lowry.
13:19 of 3rd period - Stopped by Justin Peters with a rebound.
13:21 of 3rd period - Wrist shot by Phillip Danault.
13:21 of 3rd period - Stopped by Justin Peters with a rebound.
13:37 of 3rd period - Snap shot by Devante Smith-Pelly.
13:37 of 3rd period - Stopped by Justin Peters without a rebound.
13:38 of 3rd period - Zemgus Girgensons wins face-off versus Richard Panik in Senators zone.
13:38 of 3rd period - Zemgus Girgensons is hit by Richard Panik.
13:46 of 3rd period - Wrist shot by Nick Foligno.
13:46 of 3rd period - Stopped by Dustin Tokarski with a rebound.
14:11 of 3rd period - Snap shot by Tomas Jurco.
14:11 of 3rd period - Goal by Tomas Jurco - Senators : 4 - Gangsters : 4.
14:12 of 3rd period - Zemgus Girgensons wins face-off versus Kevin Roy in neutral zone.
14:15 of 3rd period - Slapshot by Dylan Blujus.
14:15 of 3rd period - Shot Blocked by Matt Delahey.
15:01 of 3rd period - Minor Penalty to Devante Smith-Pelly for Holding Stick.
15:02 of 3rd period - Richard Panik wins face-off versus Zemgus Girgensons in Gangsters zone.
15:18 of 3rd period - Snap shot by Matt Frattin.
15:18 of 3rd period - Shot Blocked by Richard Panik.
16:04 of 3rd period - Icing by Mason Geertsen.
16:05 of 3rd period - Zemgus Girgensons wins face-off versus Kevin Roy in Senators zone.
16:08 of 3rd period - Slapshot by Matt Delahey.
16:08 of 3rd period - Shot Blocked by Matt Frattin.
17:01 of 3rd period - Penalty to Devante Smith-Pelly is over, Devante Smith-Pelly is back on ice.
17:37 of 3rd period - Minor Penalty to Dylan Blujus for Tripping.
17:38 of 3rd period - Adam Lowry wins face-off versus Maxim Letunov in Senators zone.
17:50 of 3rd period - Slapshot by Jan Mursak.
17:50 of 3rd period - Shot Misses the Net.
18:04 of 3rd period - Adam Ollas-Mattsson is hit by David Pope and loses puck.
18:11 of 3rd period - Slapshot by David Pope.
18:11 of 3rd period - Shot Misses the Net.
18:27 of 3rd period - Jan Mursak is hit by Richard Panik.
19:37 of 3rd period - Penalty to Dylan Blujus is over, Dylan Blujus is back on ice.
Goals for this period are 3 for Senators vs 2 for Gangsters.
Shots for this period are 14 for Senators vs 12 for Gangsters.
Overtime #1
0:01 of 1st overtime period - Nick Foligno wins face-off versus Richard Panik in neutral zone.
0:04 of 1st overtime period - Snap shot by Jan Mursak.
0:04 of 1st overtime period - Stopped by Dustin Tokarski with a rebound.
0:06 of 1st overtime period - Slapshot by Jack Dougherty.
0:06 of 1st overtime period - Shot Blocked by Matt Delahey.
0:08 of 1st overtime period - Snap shot by Dylan Blujus.
0:08 of 1st overtime period - Shot Blocked by Brett Ponich.
0:10 of 1st overtime period - Slapshot by Dylan Blujus.
0:10 of 1st overtime period - Goal by Dylan Blujus - Senators : 5 - Gangsters : 4.
Goals for this period are 1 for Senators vs 0 for Gangsters.
Shots for this period are 2 for Senators vs 0 for Gangsters.
Back to the Top